 Dungeon Crawl Stone Soup version 0.17.1-1-g73c8601 (webtiles) character file.

186 sugabear the Ducker (level 5, -6/32 HPs)
             Began as a Gargoyle Gladiator on Dec 13, 2015.
             Mangled by an iguana (11 damage)
             ... on level 3 of the Dungeon.
             The game lasted 00:03:29 (2749 turns).

sugabear the Ducker (Gargoyle Gladiator)            Turns: 2749, Time: 00:03:29

Health: -6/32      AC:  8    Str: 19    XL:     5   Next: 65%
Magic:  5/5        EV: 13    Int:  9    God:
Gold:   190        SH:  0    Dex: 10    Spells: 0 memorised, 4 levels left

rFire  . . .     SeeInvis .     a - +0 flail
rCold  . . .     Clarity  .     b - +0 leather armour
rNeg   + . .     SustAt   .     (no shield)
rPois  ∞         Gourm    .     c - +0 helmet
rElec  +         Spirit   .     (no cloak)
rCorr  .         Warding  .     (no gloves)
rMut   .         Rnd*Tele +     (no boots)
MR     .....                    (no amulet)
Stlth  +.........               i - ring of teleportation (curse)
                                g - ring of teleportation (curse)

@: not resistant to hostile enchantments, very unstealthy
A: negative energy resistance 1, electricity resistance, unbreathing,
petrification resistance, rot immunity, AC +4
a: Evoke Teleportation


You were on level 3 of the Dungeon.
You were not hungry.

You visited 1 branch of the dungeon, and saw 4 of its levels.

You collected 190 gold pieces.

Inventory:

Hand Weapons
 a - a +0 flail (weapon)
Missiles
 d - 3 throwing nets (quivered)
Armour
 b - a +0 leather armour (worn)
 c - a +0 helmet (worn)
 x - a +0 ring mail of magic resistance
Jewellery
 g - a cursed ring of teleportation (left hand)
 i - a cursed ring of teleportation (right hand)
 r - a +5 ring of intelligence {unknown}
Wands
 u - a wand of confusion (22)
Scrolls
 k - a scroll of magic mapping {unknown}
 l - 2 scrolls of blinking {unknown}
 o - 4 scrolls of identify {unknown}
 p - 3 scrolls of teleportation {unknown}
 s - 2 scrolls of fog {unknown}
 v - a scroll of amnesia {unknown}
Potions
 f - 4 potions of curing {unknown}
 j - a potion of mutation {unknown}
 m - 2 potions of flight {unknown}
 q - a potion of brilliance {unknown}
Comestibles
 e - 3 bread rations
 h - a slice of pizza
 n - 5 fruits
 t - 2 meat rations
 w - 4 chunks of flesh


   Skills:
 + Level 2.9 Fighting
 + Level 3.8 Maces & Flails
 + Level 1.7 Throwing
 + Level 2.0 Armour
 + Level 4.0 Dodging
 + Level 0.2 Stealth


You had 4 spell levels left.
You didn't know any spells.

Dungeon Overview and Level Annotations

Branches:
Dungeon (4/15)
 Temple: D:4-7

Altars:


Innate Abilities, Weirdness & Mutations

You are resistant to torment.
Your stone body is resilient (AC +4).
You are immune to poison.
You resist negative energy.
You are resistant to electric shocks.
You can survive without breathing.
You are immune to petrification.
You are immune to rotting.


Message History

a dagger; a robe; a dagger; a spear; an orc skeleton There isn't anything to butcher here.
You start resting.
HP restored.
There is a stone staircase leading down here.
You climb downwards.
The iguana bites you.
The iguana hisses menacingly.
The iguana barely misses you.
There is a stone staircase leading up here.
The orc priest calls down the wrath of Beogh upon you.
Something smites you! The iguana bites you!
* * * LOW HITPOINT WARNING * * *
The orc hits you but does no damage.
You climb upwards.
There is a stone staircase leading down here.
Unknown command.
You sock the orc priest!
The orc priest is moderately wounded.
The orc priest barely misses you. The iguana bites you!
You die...

#......##########...#####.
#......# ###......... ##....##
##...#....... ##### ##..##
#..###..#.... ##...## ####
#......##.... #.....##
########............ #....<.##
#.............###... ##...#..###
#.###...#####..##...
##.##....###.#@l.#######.......
####.###.......o[o...............
...[......#.........######.##....
........#..........### #........
...........#.........# #.#......
>.<....).#.#......)..# #.#......
........##...........# #.#.....#
........####.........# #.#.....#
........# #.........# #.#......


You could see an iguana, an orc priest and an orc.

Vanquished Creatures
  An orc wizard (D:3)
  4 adders
  3 gnolls (D:3)
  4 oozes
  2 worms
  3 orcs (D:3)
  4 giant cockroaches
  7 goblins
  4 hobgoblins
  12 jackals
  9 kobolds
  5 bats
  2 giant newts
  2 quokkas
  11 rats
73 creatures vanquished.

Notes
Turn   | Place    | Note
--------------------------------------------------------------
     0 | D:1      | sugabear the Gargoyle Gladiator began the quest for the Orb.
     0 | D:1      | Reached XP level 1. HP: 12/12 MP: 1/1
   116 | D:1      | Reached XP level 2. HP: 11/18 MP: 2/2
   527 | D:1      | Reached XP level 3. HP: 22/22 MP: 3/3
   938 | D:2      | Found a faded altar to an unknown god.
  1175 | D:2      | Reached XP level 4. HP: 27/27 MP: 4/4
  1766 | D:3      | Reached skill level 1 in Armour
  2122 | D:3      | Reached XP level 5. HP: 24/32 MP: 5/5
  2588 | D:3      | Reached skill level 4 in Dodging
  2749 | D:3      | Mangled by an iguana

Action                   |  1- 3 |  4- 6 || total
-------------------------+-------+-------++-------
Melee: Flail             |   141 |   164 ||   305
  Eat: Chunk             |       |     6 ||     6
